Map: Dusk Towers

Players

LilDicky

  • Race: Terran Terran
  • League: Diamond

Viane - Winner!

  • Race: Zerg Zerg
  • League: Platinum

VOD

http://www.twitch.tv/tumescentpie

Description

Time

  • Played on: Dec. 31, 2015, 12:51 a.m.
  • Length: 6:18
Show
View Real Time Build Order
Export as new Build Order

LilDicky Terran 

Build Orders: Command Center First (CC) 

Get SALT Encoding   

  12  0:02  SCV  
  14  0:14  SCV  
  14  0:19  Supply Depot  
  14  0:26  SCV  
  15  0:40  SCV  
  16  0:57  Command Center  
  16  1:00  SCV  
  17  1:13  SCV  
  18  1:19  Engineering Bay  
  18  1:25  SCV  
  19  1:37  SCV  
  20  1:50  Command Center  
  20  2:00  Refinery  
  20  2:01  Refinery  
  20  2:03  SCV  
  21  2:13  Barracks  
  21  2:15  SCV  
  22  2:24  SCV  
  22  2:29  SCV  
  24  2:37  SCV  
  25  2:42  SCV  
  26  2:47  Barracks  
  26  2:49  SCV  
  27  3:01  SCV  
  27  3:03  Orbital Command  
  28  3:09  Marine  
  29  3:16  Supply Depot  
  28  3:25  Planetary Fortress  
  27  3:28  Marine  
  28  3:36  Supply Depot  
  29  3:44  SCV  
  29  3:46  Marine  
  30  3:48  Orbital Command  
  30  3:56  SCV  
  30  4:01  Barracks Tech Lab  
  31  4:05  SCV, Bunker  
  31  4:06  Marine  
  31  4:08  SCV  
  34  4:12  Supply Depot  
  34  4:13  SCV  
  35  4:17  SCV  
  35  4:18  Refinery  
  35  4:19  Refinery  
  35  4:24  Marine  
  36  4:25  SCV  
  38  4:33  SCV  
  38  4:35  SCV  
  40  4:39  Marine  
  40  4:44  Supply Depot, Marine  
  42  4:47  SCV x3  
  45  4:58  Marine  
  45  4:59  SCV x2, Factory  
  48  5:03  Barracks Tech Lab  
  48  5:04  SCV  
  49  5:11  SCV x2  
  51  5:16  SCV, Supply Depot, Marine  
  53  5:23  SCV x2  
  53  5:26  Marine  
  57  5:28  SCV  
  57  5:34  Marine  
  57  5:35  SCV x2  
  56  5:44  Factory Tech Lab  
  56  5:45  SCV, Starport  
  57  5:50  SCV x2, Refinery  
  57  5:51  Refinery  
  57  5:56  Command Center  
  59  5:57  SCV  
  59  6:00  Marine  
  59  6:02  SCV x2  
Show
View Real Time Build Order
Export as new Build Order

Viane Zerg - Winner!

Build Orders: Hatch First 

Get SALT Encoding   

  12  0:01  Drone  
  13  0:12  Overlord  
  13  0:18  Drone  
  14  0:31  Drone x2  
  14  0:35  Drone  
  17  0:55  Hatchery  
  16  0:57  Drone  
  17  1:04  Drone  
  17  1:05  Extractor  
  17  1:20  Drone, Spawning Pool  
  17  1:23  Drone  
  18  1:29  Drone  
  19  1:40  Drone  
  20  1:59  Hatchery  
  19  2:06  Queen  
  19  2:08  Zergling x2  
  22  2:18  Queen  
  25  2:22  Drone  
  25  2:25  Drone  
  26  2:32  Metabolic Boost  
  26  2:36  Drone  
  27  2:38  Drone  
  28  2:44  Overlord  
  28  3:09  Drone  
  28  3:10  Drone x5  
  28  3:12  Queen  
  36  3:21  Zergling x4  
  37  3:28  Overlord  
  37  3:35  Drone  
  37  3:36  Drone x2  
  37  3:38  Drone x2  
  37  3:40  Overlord  
  42  3:48  Extractor  
  42  3:49  Lair  
  42  3:50  Drone  
  42  3:51  Drone  
  43  3:56  Drone  
  43  3:57  Drone, Extractor  
  43  3:59  Zergling x2  
  45  4:03  Roach Warren  
  45  4:06  Drone  
  45  4:07  Drone  
  46  4:11  Evolution Chamber  
  46  4:13  Drone x2  
  46  4:16  Drone  
  48  4:17  Evolution Chamber  
  48  4:19  Drone x2  
  49  4:27  Drone  
  49  4:28  Drone x3  
  49  4:29  Drone  
  54  4:37  Overlord x2  
  54  4:45  Drone, Zergling x4  
  54  4:46  Drone x2  
  57  4:58  Glial Reconstitution  
  57  5:07  Zergling x8  
  57  5:11  Drone  
  62  5:15  Queen  
  64  5:24  Extractor  
  63  5:30  Zergling x2  
  63  5:31  Zergling x8  
  68  5:41  Roach, Zergling x4  
  68  5:42  Roach  
  74  5:57  Overlord x3  
  74  5:58  Overlord  
  74  6:02  Hatchery  
Tags
 
Add a new tag
Caveats
  • Supply blocks, unpowered buildings, or Contaminate may cause inaccurate times.
  • Supply counts are checked every 10 seconds.